 Dungeon Crawl Stone Soup version 0.21.0-3-g78d12a8 (console) character file.

126504 removed the Black Belt (level 16, -8/163 HPs)
             Began as a Barachi Transmuter on Jan 17, 2018.
             Was the Champion of Makhleb.
             Mangled by a naga warrior
             ... wielding a +0 glaive
              (25 damage)
             ... on level 2 of the Snake Pit.
             The game lasted 01:52:43 (43885 turns).

removed the Black Belt (Barachi Transmuter)        Turns: 43885, Time: 01:52:44

Health: -8/163     AC: 10    Str: 11    XL:     16   Next: 98%
Magic:  29/29      EV: 19    Int: 17    God:    Makhleb [******]
Gold:   966        SH:  0    Dex: 17    Spells: 14/33 levels left

rFire    x . .     SeeInvis .     - Unarmed
rCold    + + +     Gourm    .   (shield currently unavailable)
rNeg     . . .     Faith    .   (armour currently unavailable)
rPois    +         Spirit   .   (helmet currently unavailable)
rElec    +         Reflect  .   (cloak currently unavailable)
rCorr    .         Harm     .   (gloves currently unavailable)
MR       +....                  (boots currently unavailable)
Stlth    ++........             O - amulet of Rahuh {RegenMP +Fly rElec}
HPRegen  0.37/turn              M - ring of poison resistance
MPRegen  0.46/turn              I - +3 ring of protection

@: lethally poisoned (-8 -> -8), ice-form (expiring)
A: large, +LOS, swims
a: End Transformation, Minor Destruction, Lesser Servant of Makhleb, Major
Destruction, Greater Servant of Makhleb, Renounce Religion, Evoke Flight


You were on level 2 of the Snake Pit.
You worshipped Makhleb.
Makhleb was exalted by your worship.
You were hungry.
You were a creature of crystalline ice.
You visited 5 branches of the dungeon, and saw 26 of its levels.
You also visited: Ice Cave.

You collected 2402 gold pieces.
You spent 1436 gold pieces at shops.

Inventory:

Hand Weapons
 V - a +0 blowgun
Missiles
 x - 2 throwing nets (quivered)
 T - 5 curare-tipped needles
Armour
 b - a +2 pair of boots (melded)
 p - +0 acid dragon scales
 q - a +3 leather armour (melded)
 E - a scarf of repulsion (melded)
 L - a +2 hat (melded)
 N - a +0 pair of gloves (melded)
Magical Staves
 a - an uncursed staff of energy (melded) {!a}
Jewellery
 A - an uncursed ring of protection from cold
 C - an uncursed ring of fire
 H - an uncursed amulet of rage
 I - a +3 ring of protection (right front paw)
 M - a ring of poison resistance (left front paw)
 O - the amulet of Rahuh (around neck) {RegenMP +Fly rElec}
   (You bought it in a shop on level 2 of the Orcish Mines)

   [amulet of magic regeneration]

   It increases your magic regeneration.
   It insulates you from electricity.
   It lets you fly.
 Y - an uncursed ring of positive energy
Wands
 v - a wand of iceblast (6)
 K - a wand of paralysis (10)
 Q - a wand of disintegration (25)
 U - a wand of scattershot (8)
Scrolls
 f - 6 scrolls of remove curse
 j - 8 scrolls of amnesia
 k - 7 scrolls of identify
 n - 9 scrolls of teleportation
 o - a scroll of enchant weapon
 u - a scroll of summoning
 w - 2 scrolls of enchant armour
 y - 3 scrolls of blinking
 B - 3 scrolls of magic mapping
 G - 2 scrolls of holy word
 J - 7 scrolls of fear
 X - 5 scrolls of fog
Potions
 c - 2 potions of resistance
 e - 2 potions of lignification
 g - a potion of mutation
 h - a potion of invisibility
 l - 11 potions of curing
 m - 7 potions of heal wounds
 r - a potion of magic
 s - 3 potions of might
 t - 4 potions of flight
 z - 5 potions of brilliance
 F - 2 potions of cancellation
 P - 2 potions of ambrosia
 R - a potion of berserk rage
 W - a potion of agility
 Z - 4 potions of haste
Miscellaneous
 S - a lamp of fire
Comestibles
 d - 31 rations
 D - 4 chunks of flesh


   Skills:
 - Level 15.0 Fighting
 - Level 13.0 Dodging
 - Level 17.1 Unarmed Combat
 - Level 9.0 Spellcasting
 - Level 4.0 Charms
 - Level 3.0 Necromancy
 - Level 12.0 Transmutations
 - Level 7.0 Ice Magic
 - Level 2.0 Poison Magic
 + Level 9.1 Invocations


You had 14 spell levels left.
You knew the following spells:

 Your Spells              Type           Power        Failure   Level  Hunger
a - Beastly Appendage     Tmut           #####.       1%          1    None
b - Spider Form           Tmut/Pois      ####......   1%          3    None
c - Blade Hands           Tmut           #####.....   1%          5    #####..
e - Regeneration          Chrm/Necr      ###.......   7%          3    None
i - Ice Form              Ice/Tmut       #####...     1%          4    ###....
o - Ozocubu's Armour      Chrm/Ice       ####....     3%          3    None


Dungeon Overview and Level Annotations

Branches:
Dungeon (15/15)            Temple (1/1) D:6            Lair (6/6) D:11
 Shoals (0/4) Lair:3        Snake (2/4) Lair:2        Slime (0/5) Lair:5
    Orc (2/2) D:12            Elf (0/3) Orc:2        Vaults (0/5) D:14
 Depths (0/5) D:15

Altars:
Cheibriados
Dithmenos
Gozag
Makhleb
Nemelex Xobeh
Okawaru
Qazlal
Ru
Sif Muna
Uskayaw
Wu Jian
Xom
Yredelemnul
The Shining One
Beogh
Jiyva

Shops:
D:6 ?   D:13 :   D:14 *   Orc:2 *[(=[

Annotations:
D:1 exclusion: downstairs
D:7 Daviar's ghost, novice BaFi
Lair:1 exclusion: 2 oklob plants


Innate Abilities, Weirdness & Mutations

Shadows flee at your approach. (+LOS)
You can swim through water.
((You cover ground slowly.))
((You can hop long distances.))


Message History

The naga warrior hits you from afar with a glaive!
* * * LOW HITPOINT WARNING * * *
The naga hits your hellwing with a hand axe!!
Your hellwing dies!
Unknown command.
Press: ? - help, v - describe, . - travel
Here: a black mamba (almost dead, slow)
The floor, spattered with blood.
You hit the black mamba.
The black mamba seems to slow down.
You freeze the black mamba.
The black mamba is almost dead.
You feel sick.
The black mamba bites you but does no damage.
Unknown command.
Unknown command.
You closely miss the black mamba.
The black mamba is almost dead.
The black mamba closely misses you.
The naga warrior hits you from afar with a glaive!!
You die...

#############################
........................##...
........................##...
........................†....
..........N.............##...
..........NSY...........#####
..........N)............#####
.SN...####################...
..... #... .... #..: . ####


You could see a naga warrior, a naga ritualist, a black mamba and a naga.

Vanquished Creatures
  Gastronok (Lair:3)
  Kirke (D:14)
  A frost giant (IceCv)
  An orc warlord (Orc:2)
  3 ogre magi
  5 hydras
  A yaktaur captain (D:15)
  A naga warrior (Snake:1)
  4 anacondas (Snake:1)
  4 centaur warriors
  19 two-headed ogres
  Erica (D:10)
  5 tengu warriors
  A death yak (IceCv)
  Urug (D:11)
  3 orc high priests (Orc:2)
  2 naga sharpshooters
  3 skeletal warriors (D:14)
  5 unseen horrors
  A wizard (D:14)
  A lindwurm (Lair:4)
  A naga ritualist (Snake:2)
  7 orc knights
  2 mana vipers (Snake:2)
  12 ugly things
  4 orc sorcerers (Orc:2)
  A deep elf mage (D:14)
  A manticore (D:15)
  2 cyclopes
  Maurice (D:8)
  3 salamanders
  8 black mambas
  A black mamba (shapeshifter) (D:15)
  Joseph (Lair:1)
  7 elephants
  6 gargoyles
  An ice statue (IceCv)
  12 spiny frogs
  The ghost of ThereIsNoGod the Thaumaturge, a novice SpVM of Gozag (D:6)
  2 rime drakes
  5 komodo dragons
  A yaktaur (D:15)
  A freezing wraith (D:14)
  11 trolls
  A guardian mummy (D:14)
  20 polar bears
  7 hornets
  7 blink frogs
  3 dream sheep (Lair:6)
  A meliai zombie (D:14)
  9 hippogriffs
  16 spriggans (Lair:6)
  4 wyverns
  2 wraiths
  61 yaks
  3 basilisks
  2 hogs (D:14)
  A hungry ghost (D:6)
  5 vampire mosquitoes (D:12)
  Eustachio (D:4)
  5 wargs
  Menkaure (D:4)
  6 swamp worms (D:8)
  4 acid dragons
  A soldier ant (D:11)
  17 nagas
  12 porcupines
  The ghost of Megalobster the Magician, an amateur DEFE (D:4)
  10 water moccasins
  28 orc warriors
  A hornet zombie (D:15)
  5 ice beasts
  A black bear (Lair:6)
  3 sky beasts
  4 eyes of draining
  7 boggarts
  5 phantoms
  A necrophage (D:11)
  38 wolves
  15 centaurs
  17 ogres
  22 crocodiles
  A big kobold (D:14)
  Blork the orc (D:4)
  22 bullfrogs
  4 wyvern zombies
  A gnoll sergeant (Orc:1)
  2 wyvern skeletons
  6 scorpions
  3 killer bees (D:7)
  15 wights
  An electric eel (Lair:3)
  6 howler monkeys (D:13)
  8 centaur zombies
  3 bullfrog zombies
  5 crimson imps
  2 quasits (D:13)
  4 hounds
  26 orc priests
  45 orc wizards
  3 jellies
  7 bullfrog skeletons
  9 centaur skeletons
  2 gnoll shamans
  4 iguanas
  12 hell rats
  18 worker ants
  3 worker ant zombies
  23 gnolls
  14 adders
  3 shadow imps
  12 white imps (Orc:2)
  4 oozes
  2 adder skeletons (D:7)
  2 adder zombies (D:8)
  15 worms
  A dart slug (D:3)
  4 leopard geckos
  119 orcs
  6 giant cockroaches
  4 goblins
  8 hobgoblins
  19 jackals
  6 quokkas
  A ball python (D:1)
  4 bats
  4 frilled lizards
  2 jackal skeletons
  2 jackal zombies (D:5)
  12 kobolds
  8 rats
  A fungus (Lair:6)
991 creatures vanquished.

Vanquished Creatures (collateral kills)
  Snorg (Lair:3)
  2 hydras
  A hippogriff (Lair:6)
  A water moccasin (Lair:4)
  A sky beast (D:15)
  An orc (Orc:2)
  A fungus (Lair:3)
  A plant (Lair:4)
9 creatures vanquished.

Vanquished Creatures (others)
  2 yaks (IceCv)
  A bullfrog (D:14)
  An orc (Orc:2)
  A bush (Lair:4)
  85 fungi
  84 plants
174 creatures vanquished.

Grand Total: 1174 creatures vanquished

Notes
Turn   | Place    | Note
-------+----------+-------------------------------------------
     0 | D:1      | removed the Barachi Transmuter began the quest for the Orb.
     0 | D:1      | Reached XP level 1. HP: 15/15 MP: 3/3
   600 | D:1      | Reached XP level 2. HP: 16/21 MP: 3/5
   761 | D:1      | Reached skill level 4 in Unarmed Combat
  1453 | D:1      | Reached XP level 3. HP: 26/26 MP: 3/6
  1863 | D:1      | Learned a level 3 spell: Spider Form
  2383 | D:2      | Reached skill level 5 in Unarmed Combat
  2520 | D:3      | Reached XP level 4. HP: 30/32 MP: 7/7
  2534 | D:3      | Reached skill level 1 in Poison Magic
  3150 | D:3      | Found a shadowy altar of Dithmenos.
  3823 | D:2      | Reached XP level 5. HP: 32/37 MP: 6/8
  4572 | D:4      | Reached XP level 6. HP: 43/43 MP: 2/9
  4578 | D:4      | Noticed Blork the orc
  4584 | D:4      | Reached skill level 6 in Unarmed Combat
  4891 | D:4      | Reached skill level 7 in Unarmed Combat
  4970 | D:4      | Noticed Megalobster's ghost (amateur DEFE)
  4994 | D:4      | Killed Blork the orc
  4994 | D:4      | Reached XP level 7. HP: 50/51 MP: 3/10
  5249 | D:4      | Noticed Eustachio
  5569 | D:4      | Killed Eustachio
  5623 | D:4      | Noticed Menkaure
  5772 | D:4      | Killed Menkaure
  5772 | D:4      | Reached skill level 5 in Transmutations
  5772 | D:4      | Reached XP level 8. HP: 59/60 MP: 5/11
  6075 | D:4      | Reached skill level 5 in Dodging
  6392 | D:4      | Killed Megalobster's ghost
  6603 | D:5      | Entered Level 5 of the Dungeon
  7510 | D:5      | Reached skill level 8 in Unarmed Combat
  7710 | D:5      | Reached skill level 5 in Fighting
  8235 | D:6      | Reached XP level 9. HP: 50/68 MP: 10/14
  8255 | D:6      | Noticed ThereIsNoGod's ghost (novice SpVM)
  8520 | D:6      | Killed ThereIsNoGod's ghost
  8520 | D:6      | Reached skill level 5 in Spellcasting
  9208 | D:6      | Found a staircase to the Ecumenical Temple.
  9220 | Temple   | Entered the Ecumenical Temple
  9314 | Temple   | Became a worshipper of Makhleb the Destroyer
  9407 | D:6      | Found Rosox's Magic Scroll Shop.
  9421 | D:6      | Bought a scroll of teleportation for 39 gold pieces
  9421 | D:6      | Bought a scroll of fear for 45 gold pieces
  9421 | D:6      | Bought a scroll of blinking for 97 gold pieces
  9625 | D:6      | You fall through a shaft for 3 floors!
 10008 | D:9      | Noticed a troll
 10085 | D:8      | Noticed Maurice
 10563 | D:8      | Got a polished leather armour
 10725 | D:8      | Identified the +0 leather armour of Too Many Cooks {rCorr Stlth+} (You found it on level 8 of the Dungeon)
 11020 | D:7      | Found a basalt altar of Yredelemnul.
 11035 | D:7      | Reached * piety under Makhleb
 11133 | D:6      | Reached skill level 9 in Unarmed Combat
 11346 | D:7      | Reached XP level 10. HP: 75/79 MP: 14/17
 11504 | D:7      | Noticed Daviar's ghost (novice BaFi)
 12130 | D:7      | Reached skill level 10 in Unarmed Combat
 13832 | D:7      | Found a deep blue altar of Sif Muna.
 14362 | D:6      | Learned a level 4 spell: Ice Form
 14368 | D:6      | Learned a level 5 spell: Blade Hands
 14764 | D:8      | Reached ** piety under Makhleb
 15051 | D:8      | Killed Maurice
 16191 | D:9      | Noticed a two-headed ogre
 16986 | D:10     | Entered Level 10 of the Dungeon
 16986 | D:10     | Noticed a gargoyle
 16999 | D:10     | Killed a gargoyle
 16999 | D:10     | Reached skill level 11 in Unarmed Combat
 17053 | D:10     | Reached skill level 1 in Ice Magic
 17192 | D:10     | Killed an unseen horror
 17192 | D:10     | Reached XP level 11. HP: 70/89 MP: 15/18
 17288 | D:10     | Learned a level 3 spell: Regeneration
 17293 | D:10     | Noticed Erica
 17306 | D:10     | Killed Erica
 17306 | D:10     | Reached skill level 5 in Ice Magic
 17330 | D:10     | Got a translucent dagger
 18314 | D:9      | Killed a two-headed ogre
 18492 | D:9      | Reached *** piety under Makhleb
 18655 | D:11     | Noticed a white ugly thing
 18673 | D:10     | Killed a white ugly thing
 18846 | D:11     | Noticed a two-headed ogre
 18847 | D:11     | Noticed a two-headed ogre
 18885 | D:10     | Killed a two-headed ogre
 19036 | D:10     | Reached skill level 12 in Unarmed Combat
 19100 | D:10     | Killed a two-headed ogre
 19259 | D:11     | Reached XP level 12. HP: 93/95 MP: 19/22
 19400 | D:11     | Found a staircase to the Lair.
 19482 | D:11     | Reached skill level 13 in Unarmed Combat
 19490 | D:11     | Reached **** piety under Makhleb
 19738 | D:11     | Noticed a two-headed ogre
 19754 | D:11     | Killed a two-headed ogre
 19836 | D:11     | Noticed Urug
 19845 | D:11     | Killed Urug
 20007 | D:11     | Noticed a two-headed ogre
 20019 | D:11     | Killed a two-headed ogre
 20078 | D:11     | Reached skill level 5 in Invocations
 20594 | Lair:1   | Entered Level 1 of the Lair of Beasts
 20611 | Lair:1   | Noticed Joseph
 20630 | Lair:1   | Killed Joseph
 20673 | Lair:1   | Reached skill level 10 in Fighting
 21897 | Lair:2   | Found a staircase to the Snake Pit.
 22442 | Lair:3   | Noticed Gastronok
 22444 | Lair:3   | Reached ***** piety under Makhleb
 22612 | Lair:3   | Killed Gastronok
 22612 | Lair:3   | Gained mutation: You can hop long distances. [Barachi growth]
 22612 | Lair:3   | Reached XP level 13. HP: 103/103 MP: 20/25
 22760 | Lair:3   | Noticed Snorg
 23376 | Lair:3   | Killed Snorg
 23376 | Lair:3   | Reached skill level 1 in Charms
 23376 | Lair:3   | Reached skill level 1 in Necromancy
 23795 | Lair:3   | Found a staircase to the Shoals.
 24565 | Lair:4   | Paralysed by a hornet for 2 turns
 26005 | Lair:4   | Reached skill level 14 in Unarmed Combat
 26254 | Lair:5   | Identified the Disquisition on Sinister Earth
 26755 | Lair:5   | Found a viscous altar of Jiyva.
 26756 | Lair:5   | Found a staircase to the Slime Pits.
 27134 | Lair:6   | Entered Level 6 of the Lair of Beasts
 27284 | Lair:6   | Reached skill level 15 in Unarmed Combat
 27566 | Lair:6   | Reached XP level 14. HP: 66/111 MP: 23/26
 28307 | Lair:6   | Reached skill level 10 in Dodging
 28647 | Lair:6   | Got a polished arbalest
 28755 | Lair:6   | Reached skill level 10 in Transmutations
 29875 | D:12     | Found a staircase to the Orcish Mines.
 30817 | Orc:1    | Entered Level 1 of the Orcish Mines
 31360 | Orc:1    | Reached ****** piety under Makhleb
 32040 | Orc:2    | Entered Level 2 of the Orcish Mines
 32351 | Orc:2    | Found a frozen archway.
 32365 | IceCv    | Entered an ice cave
 32745 | IceCv    | Reached XP level 15. HP: 120/120 MP: 28/28
 33089 | IceCv    | Noticed a frost giant
 33110 | IceCv    | Killed a frost giant
 33655 | Orc:2    | Found Byxomyrph's Jewellery Shoppe.
 34394 | Orc:2    | Found a roughly hewn altar of Beogh.
 34526 | Orc:2    | Found a roughly hewn altar of Beogh.
 34580 | Orc:2    | Found Quket's Armour Emporium.
 35116 | Orc:2    | Found a staircase to the Elven Halls.
 35362 | Orc:2    | Noticed an orc warlord
 35533 | Orc:2    | Killed an orc warlord
 35584 | Orc:2    | Found Yngey's Antique Weapon Emporium.
 35593 | Orc:2    | Found a roughly hewn altar of Beogh.
 35598 | Orc:2    | Found Giyfa's Antique Armour Shoppe.
 35713 | Orc:2    | Found a roughly hewn altar of Beogh.
 35713 | Orc:2    | Found Ahook's General Store.
 35748 | Orc:2    | Found a roughly hewn altar of Beogh.
 35831 | Orc:2    | Found a roughly hewn altar of Beogh.
 35887 | Orc:2    | Found a roughly hewn altar of Beogh.
 35990 | Orc:2    | Found a roughly hewn altar of Beogh.
 36363 | Orc:2    | Bought an embroidered scarf for 304 gold pieces
 36373 | Orc:2    | Bought a glowing scarf for 304 gold pieces
 36384 | Orc:2    | Bought a runed robe for 140 gold pieces
 36673 | D:13     | Found Okinudd's Book Shop.
 37445 | D:13     | Reached skill level 16 in Unarmed Combat
 38039 | D:14     | Found a gate to the Vaults.
 38231 | D:14     | Found Nen Xiotooxu's Serpentskin Sales.
 38244 | D:14     | Reached XP level 16. HP: 56/133 MP: 25/29
 38533 | D:14     | Noticed Kirke
 38559 | D:14     | Noticed a sphinx
 39394 | D:14     | Killed Kirke
 39394 | D:14     | Reached skill level 17 in Unarmed Combat
 39783 | D:14     | Got a pair of bloodstained gloves
 39794 | D:14     | Identified the cursed -2 pair of gloves "Tuuhauh" {rF+ rC+ Int+2} (You found it on level 14 of the Dungeon)
 40010 | D:15     | Entered Level 15 of the Dungeon
 40297 | D:15     | Reached skill level 15 in Fighting
 41942 | D:15     | Found a staircase to the Depths.
 42270 | Orc:2    | Bought the amulet of Rahuh {RegenMP +Fly rElec} for 507 gold pieces
 42372 | Snake:1  | Entered Level 1 of the Snake Pit
 43105 | Snake:1  | Got a shimmering trident
 43809 | Snake:2  | Learned a level 3 spell: Ozocubu's Armour
 43885 | Snake:2  | Mangled by a naga warrior

Skill      XL: |  1  2  3  4  5  6  7  8  9 10 11 12 13 14 15 16 |
---------------+-------------------------------------------------+-----
Unarmed Combat | 4 5 7 8 9 11 12 13 15 16 17 | 17.1
Poison Magic   | 2 |  2.0
Transmutations | 3 4 5 6 7 8 9 11 12 | 12.0
Fighting       | 2 4 5 7 9 10 12 14 15 | 15.0
Dodging        | 3 5 7 9 10 12 13 | 13.0
Spellcasting   | 3 5 7 8 9 |  9.0
Ice Magic      | 4 7 |  7.0
Invocations    | 5 6 8 9 |  9.1
Charms         | 4 |  4.0
Necromancy     | 3 |  3.0

Action                   |  1- 3 |  4- 6 |  7- 9 | 10-12 | 13-15 | 16-18 || total
-------------------------+-------+-------+-------+-------+-------+-------++-------
Melee: Unarmed           |   128 |   111 |   406 |   727 |  1632 |   393 ||  3397
       Kick              |     8 |     3 |       |       |       |       ||    11
       Headbutt          |     4 |       |       |       |       |       ||     4
       Punch             |     2 |       |     1 |     2 |    29 |    18 ||    52
       Staff             |       |       |       |       |     9 |     8 ||    17
 Cast: Beastly Appendage |    24 |    14 |       |       |       |       ||    38
       Spider Form       |       |    12 |    48 |    93 |    88 |       ||   241
       Ice Form          |       |       |       |    10 |    45 |    10 ||    65
       Regeneration      |       |       |       |       |    14 |     1 ||    15
       Blade Hands       |       |       |       |       |    21 |    44 ||    65
       Ozocubu's Armour  |       |       |       |       |       |     1 ||     1
Invok: Lesser Servant of |       |       |       |     2 |    13 |     5 ||    20
       Major Destruction |       |       |       |       |       |     1 ||     1
 Abil: Hop               |       |       |     2 |     4 |     1 |       ||     7
       End Transformatio |       |       |       |     1 |     3 |       ||     4
       Evoke Berserk Rag |       |       |       |     7 |       |       ||     7
Evoke: Lamp of fire      |       |       |       |     1 |     4 |       ||     5
  Use: Potion            |     1 |       |       |       |     3 |     1 ||     5
       Scroll            |       |     4 |     2 |    11 |    14 |     5 ||    36
 Stab: Sleeping          |     4 |     1 |     3 |     6 |     1 |       ||    15
       Distracted        |       |       |       |     1 |     3 |       ||     4
       Petrifying        |       |       |       |       |     1 |       ||     1
       Petrified         |       |       |       |       |     1 |       ||     1
  Eat: Chunk             |     6 |    11 |    16 |    35 |    58 |    13 ||   139
       Ration            |       |       |     4 |     5 |     1 |     2 ||    12
Armor: Robe              |    16 |     5 |     6 |       |       |       ||    27
       Skin              |       |     6 |     8 |    38 |   216 |    12 ||   280
       Leather armour    |       |       |       |    34 |    82 |    60 ||   176
Dodge: Dodged            |    61 |    77 |   290 |   514 |  1389 |   296 ||  2627
       Deflected         |       |       |       |       |     4 |     8 ||    12
